 Dungeon Crawl Stone Soup version 0.28-b1-1-g3c77fb2ed1 (webtiles) character file.

Game seed: 12032024929162366822

273 cayde69 the Insei (level 6, 0/44 (47) HPs)
             Began as a Gnoll Transmuter on Jan 28, 2022.
             Slain by Eustachio (3 damage)
             ... on level 4 of the Dungeon.
             The game lasted 00:16:41 (3912 turns).

cayde69 the Insei (Gnoll Transmuter)                Turns: 3912, Time: 00:16:42

HP:   0/44 (47)     AC:  3    Str: 11      XL:     6   Next: 24%
MP:   14/14         EV: 14    Int: 13      God:
Gold: 134           SH:  0    Dex: 15 (18) Spells: 9/15 levels left

rFire   . . .      SeeInvis .     - Unarmed
rCold   . . .      Faith    .   (no shield)
rNeg    . . .      Spirit   .   a - +0 robe
rPois   .          Reflect  .   c - +0 helmet
rElec   .          Harm     .   (no cloak)
rCorr   .          Rampage  .   (no gloves)
Will    .....                   (no boots)
Stlth   ++........              j - amulet of magic regeneration
HPRegen 0.14/turn               p - +6 ring of dexterity
MPRegen 0.54/turn               (no ring)

@: wereblooded (expiring), drained
A: fangs 1, strong nose, distributed training
a: no special abilities


You were on level 4 of the Dungeon.
You visited 1 branch of the dungeon, and saw 4 of its levels.

You collected 134 gold pieces.

Inventory:

Hand Weapons
 q - a +0 club
Missiles
 d - 4 poisoned darts
 r - 15 bolts
Armour
 a - a +0 robe (worn)
 c - a +0 helmet (worn)
Jewellery
 j - an amulet of magic regeneration (around neck)
 p - a +6 ring of dexterity (left hand)
Scrolls
 b - a scroll of blinking
 f - a scroll of fear {unknown}
 g - 3 scrolls of identify
 i - 2 scrolls of immolation
 l - a scroll of enchant weapon {unknown}
 m - 3 scrolls of vulnerability {unknown}
Potions
 e - 3 potions of curing {unknown}
 h - a potion of cancellation {unknown}
 k - a potion of attraction {unknown}
 n - a potion of might {unknown}
 o - a potion of heal wounds {unknown}


   Skills:
 + Level 3.2 Fighting
 + Level 1.8 Short Blades
 + Level 1.8 Long Blades
 + Level 1.8 Axes
 + Level 1.8 Maces & Flails
 + Level 1.8 Polearms
 + Level 1.8 Staves
 + Level 1.8 Slings
 + Level 1.8 Bows
 + Level 1.8 Crossbows
 + Level 1.8 Throwing
 + Level 1.8 Armour
 + Level 4.9 Dodging
 + Level 1.8 Stealth
 + Level 1.8 Shields
 + Level 6.8 Unarmed Combat
 + Level 5.3 Spellcasting
 + Level 1.4 Conjurations
 + Level 1.4 Hexes
 + Level 1.4 Summonings
 + Level 1.4 Necromancy
 + Level 1.4 Translocations
 + Level 4.1 Transmutations
 + Level 1.4 Fire Magic
 + Level 1.4 Ice Magic
 + Level 1.4 Air Magic
 + Level 1.4 Earth Magic
 + Level 1.4 Poison Magic
 + Level 2.0 Invocations
 + Level 1.8 Evocations


You had 9 spell levels left.
You knew the following spells:

 Your Spells              Type           Power      Damage    Failure   Level
a - Beastly Appendage     Tmut           28%        N/A       3%          1
b - Wereblood             Tmut           14%        N/A       4%          2
c - Spider Form           Tmut/Pois      10%        N/A       17%         3

Your spell library contained the following spells:

 Spells                   Type           Power      Damage    Failure   Level
 Ice Form                 Ice/Tmut       10%        N/A       50%         4


Dungeon Overview and Level Annotations

Branches:
Dungeon (4/15)
 Temple: D:4-7

Altars:

Annotations:
D:4 Eustachio


Innate Abilities, Weirdness & Mutations

You have very sharp teeth.
Your uncanny sense of smell can sniff out nearby items.
Your experience applies equally to all skills.


Message History

The crimson imp disappears in a puff of smoke!
The rat bites you but does no damage. The quasit completely misses you.
The quasit claws you but does no damage. x2
You hit the quasit but do no damage. You bite the quasit, but do no damage.
The rat barely misses you. The quasit barely misses you.
The quasit closely misses you.
The quasit claws you but does no damage.
You barely miss the quasit. Eustachio closely misses you. The quasit bites you.
* * * LOW HITPOINT WARNING * * *
The quasit closely misses you.
The quasit claws you but does no damage.
The rat barely misses you.
You barely miss Eustachio.
Eustachio is severely wounded.
Eustachio gestures wildly while chanting.
Eustachio blinks!
The quasit bites you.
* * * LOW HITPOINT WARNING * * *
You feel clumsy. The quasit misses you. The quasit closely misses you.
The rat twitches its whiskers.
The rat closely misses you.
You barely miss Eustachio.
Eustachio is severely wounded.
The quasit bites you but does no damage.
The quasit claws you.
* * * LOW HITPOINT WARNING * * *
The quasit claws you but does no damage.
Eustachio closely misses you. The rat bites you.
* * * LOW HITPOINT WARNING * * *
You closely miss Eustachio.
Eustachio is severely wounded.
Your primal bloodlust is almost over.
The ufetubus hits you.
* * * LOW HITPOINT WARNING * * *
The ufetubus misses you.
The quasit bites you but does no damage.
The quasit barely misses you. The quasit claws you.
* * * LOW HITPOINT WARNING * * *
Eustachio hits you with a +2 rapier of draining.
You die...

#..r§.........>..###.........#.
##...........###...............
#.####....#..#####.........###
#. ##.####.............)....
#..####...####...#.........##.
#....>..>...###......###..)..
#...........##.......<.)..†##
#..........@5...........####
####..#...55@........####
##...#..r.###.....#
###..............#
.........#..######
..#......###..#
....##....###)## ..##
#.....##<[## .. #####(.##).###
##.#.....#


You could see Eustachio, an iron imp (summoned), a quasit (summoned), an
ufetubus (summoned) and a rat (summoned).

Vanquished Creatures
  A hound (D:4)
  A jelly (D:4)
  An orc priest (D:3)
  5 adders
  8 gnolls
  An adder skeleton (D:4)
  A worm (D:2)
  5 orcs
  5 bats
  4 endoplasms
  2 giant cockroaches (D:4)
  A goblin (D:2)
  5 hobgoblins
  6 kobolds
  2 quokkas
  3 ball pythons (D:2)
  6 frilled lizards
  4 rats
61 creatures vanquished.

Vanquished Creatures (others)
  10 plants (D:3)
10 creatures vanquished.

Grand Total: 71 creatures vanquished

Notes
Turn   | Place    | Note
-------+----------+-------------------------------------------
     0 | D:1      | cayde69 the Gnoll Transmuter began the quest for the Orb.
     0 | D:1      | Reached XP level 1. HP: 17/17 MP: 6/6
   171 | D:1      | Reached XP level 2. HP: 23/23 MP: 5/7
   505 | D:1      | You fall into a shaft and drop 1 floor!
   807 | D:2      | Found a faded altar of an unknown god.
   925 | D:2      | Reached XP level 3. HP: 23/28 MP: 9/9
  1072 | D:2      | Reached skill level 5 in Spellcasting
  1424 | D:3      | Reached skill level 1 in Invocations
  1535 | D:3      | Reached skill level 1 in Short Blades
  1535 | D:3      | Reached skill level 1 in Long Blades
  1535 | D:3      | Reached skill level 1 in Axes
  1535 | D:3      | Reached skill level 1 in Maces & Flails
  1535 | D:3      | Reached skill level 1 in Polearms
  1535 | D:3      | Reached skill level 1 in Staves
  1535 | D:3      | Reached skill level 1 in Slings
  1535 | D:3      | Reached skill level 1 in Bows
  1535 | D:3      | Reached skill level 1 in Crossbows
  1535 | D:3      | Reached skill level 1 in Throwing
  1535 | D:3      | Reached skill level 1 in Armour
  1535 | D:3      | Reached skill level 1 in Stealth
  1535 | D:3      | Reached skill level 1 in Shields
  1535 | D:3      | Reached skill level 1 in Evocations
  1831 | D:3      | Reached XP level 4. HP: 34/34 MP: 11/11
  2706 | D:4      | Reached skill level 1 in Conjurations
  2706 | D:4      | Reached skill level 1 in Hexes
  2706 | D:4      | Reached skill level 1 in Summonings
  2706 | D:4      | Reached skill level 1 in Necromancy
  2706 | D:4      | Reached skill level 1 in Translocations
  2706 | D:4      | Reached skill level 1 in Fire Magic
  2706 | D:4      | Reached skill level 1 in Ice Magic
  2706 | D:4      | Reached skill level 1 in Air Magic
  2706 | D:4      | Reached skill level 1 in Earth Magic
  2706 | D:4      | Reached skill level 1 in Poison Magic
  2710 | D:4      | Reached XP level 5. HP: 29/40 MP: 12/12
  3517 | D:3      | Learned a level 2 spell: Wereblood
  3521 | D:3      | Learned a level 3 spell: Spider Form
  3631 | D:4      | Reached XP level 6. HP: 27/47 MP: 13/13
  3866 | D:4      | Noticed Eustachio
  3912 | D:4      | Slain by Eustachio

Illustrated notes

Levels and vault maps discovered:
D:1:      lightli_arrival_farm, layout_basic
D:2:      layout_loops_cross, ebering_ecumenical_altar_sacrificial
D:3:      layout_loops_ring, amcnicky_mini_corridor_feature,
          lexackson_kobold_supper
D:4:      layout_rooms, uniq_eustachio

Skill      XL: |  1  2  3  4  5 |
---------------+----------------+-----
Spellcasting   | 5 |  5.3
Invocations    | 1 2 |  2.0
Short Blades   | 1 |  1.8
Long Blades    | 1 |  1.8
Axes           | 1 |  1.8
Maces & Flails | 1 |  1.8
Polearms       | 1 |  1.8
Staves         | 1 |  1.8
Slings         | 1 |  1.8
Bows           | 1 |  1.8
Crossbows      | 1 |  1.8
Throwing       | 1 |  1.8
Armour         | 1 |  1.8
Stealth        | 1 |  1.8
Shields        | 1 |  1.8
Evocations     | 1 |  1.8
Conjurations   | 1 |  1.4
Hexes          | 1 |  1.4
Summonings     | 1 |  1.4
Necromancy     | 1 |  1.4
Translocations | 1 |  1.4
Fire Magic     | 1 |  1.4
Ice Magic      | 1 |  1.4
Air Magic      | 1 |  1.4
Earth Magic    | 1 |  1.4
Poison Magic   | 1 |  1.4
Fighting       | 3 |  3.2
Transmutations | 4 |  4.1
Dodging        | |  4.9
Unarmed Combat | |  6.8

Action                   |  1- 3 |  4- 6 || total
-------------------------+-------+-------++-------
Melee: Unarmed           |    77 |   169 ||   246
       Headbutt          |     3 |     9 ||    12
       Bite              |     6 |    18 ||    24
       Kick              |     2 |     9 ||    11
       Punch             |     3 |     6 ||     9
 Cast: Beastly Appendage |     6 |     5 ||    11
       Wereblood         |       |     1 ||     1
  Use: Scroll            |       |     2 ||     2
 Stab: Sleeping          |     3 |     1 ||     4
       Distracted        |       |     1 ||     1
Armor: Robe              |    17 |    41 ||    58
Dodge: Dodged            |    35 |   161 ||   196
